Map: Port Aleksander LE

Players

Qolt - Winner!

  • Race: Terran Terran
  • League: Master
  • Spawn Location: 5:00

BOOOOOOOOOoM

  • Race: Zerg Zerg
  • League: Master
  • Spawn Location: 11:00

VOD

Have the link to the VOD?

Description

Oompa Loompa Doo ba dee DOOOOOOOOO

Time

  • Played on: May 3, 2019, 2:31 p.m.
  • Length: 12:00
Show
View Real Time Build Order
Export as new Build Order

Qolt Terran - Winner!

Build Orders: Gas First Reaper Expand 

Get SALT Encoding   

  12  0:00  SCV  
  13  0:13  SCV  
  14  0:17  Supply Depot  
  14  0:25  SCV  
  15  0:30  Refinery  
  15  0:39  SCV  
  16  0:46  Barracks  
  16  0:51  SCV  
  17  1:03  SCV  
  18  1:15  SCV  
  19  1:33  Reaper  
  19  1:34  Orbital Command  
  20  1:47  Command Center  
  20  1:59  Factory  
  20  2:05  Marine  
  21  2:10  SCV  
  22  2:18  Supply Depot  
  22  2:23  Barracks Reactor  
  22  2:26  SCV  
  22  2:27  Refinery  
  23  2:40  SCV  
  24  2:47  Hellion  
  25  2:52  SCV  
  26  2:59  Orbital Command  
  26  3:06  SCV, Starport  
  26  3:08  Barracks Tech Lab  
  27  3:16  Hellion x2  
  27  3:18  SCV  
  32  3:26  SCV  
  33  3:29  Supply Depot  
  33  3:37  Stimpack, Marine  
  33  3:40  SCV x2  
  36  3:52  Viking, Supply Depot, SCV x2  
  40  3:58  Marine  
  41  4:04  SCV  
  41  4:05  SCV  
  41  4:06  Hellion x2  
  47  4:16  Marine  
  47  4:17  SCV x2  
  50  4:29  SCV x2  
  52  4:32  Liberator  
  52  4:34  Command Center  
  52  4:40  Supply Depot  
  52  4:41  SCV x2, Marine  
  52  4:43  Hellion  
  52  4:44  Hellion  
  62  5:02  SCV x2  
  64  5:14  SCV x2, Marine  
  64  5:18  Barracks  
  64  5:20  Barracks  
  64  5:21  Engineering Bay x2  
  67  5:22  Refinery x2  
  67  5:26  SCV x2  
  67  5:27  Factory Tech Lab  
  69  5:32  Marine  
  70  5:42  Starport Reactor  
  70  5:46  SCV x2  
  70  5:47  Orbital Command  
  70  5:48  Supply Depot  
  70  5:49  Supply Depot x2  
  72  5:50  Marine  
  72  5:56  Siege Tank  
  76  5:58  SCV x2  
  76  6:00  Terran Infantry Weapons Level 1  
  76  6:02  Terran Infantry Armor Level 1  
  78  6:07  Marine  
  78  6:08  Barracks Reactor  
  78  6:10  SCV x2  
  81  6:17  SCV  
  81  6:18  Marine x2  
  84  6:20  Medivac  
  84  6:22  SCV  
  84  6:23  Medivac  
  84  6:25  Marine  
  90  6:33  SCV  
  90  6:34  Armory  
  90  6:36  SCV  
  90  6:38  Orbital Command  
  92  6:43  Marine x2  
  92  6:45  SCV  
  95  6:48  SCV  
  95  6:49  Supply Depot  
  95  6:50  Medivac  
  95  6:53  Medivac  
  100  6:57  SCV  
  100  7:00  SCV  
  102  7:06  Marine  
  102  7:07  Marine x4  
  107  7:09  SCV  
  107  7:12  Barracks  
  107  7:14  SCV x2  
  107  7:15  Barracks  
  107  7:18  Siege Tank  
  110  7:23  Combat Shield  
  110  7:24  Marine  
  111  7:31  Supply Depot  
  111  7:32  Supply Depot  
  111  7:33  Marine x4  
  111  7:34  Supply Depot, Medivac  
  117  7:40  Terran Vehicle Weapons Level 1  
  117  7:42  Refinery  
  117  7:43  Refinery  
  117  7:47  Supply Depot  
  117  7:49  Supply Depot  
  117  7:52  Marine x3  
  117  7:53  Siege Tank, SCV  
  117  7:54  Marine x2  
  117  7:55  Medivac  
  128  8:01  Sensor Tower  
  128  8:04  Medivac  
  130  8:10  Marine x3, Barracks Tech Lab x2  
  134  8:12  Supply Depot, SCV  
  134  8:13  SCV  
  134  8:14  Command Center  
  134  8:18  Marine  
  136  8:23  Liberator  
  136  8:26  Marine  
  136  8:28  Marine x2  
  136  8:31  Marine x2  
  136  8:32  Marine  
  136  8:33  Siege Tank  
  144  8:36  Marine  
  144  8:41  Terran Infantry Weapons Level 2  
  148  8:42  Terran Infantry Armor Level 2  
  148  8:44  Marine  
  148  8:46  Marine x2  
  127  8:49  Marine  
  127  8:51  Missile Turret  
  127  8:53  Missile Turret  
  127  8:54  Missile Turret  
  125  8:57  Missile Turret  
  125  9:03  SCV x2  
  125  9:04  SCV  
  125  9:07  Factory  
  96  9:26  SCV x3  
  91  9:37  Marine x7  
  98  9:38  SCV x3  
  101  9:47  Siege Tank  
  101  9:50  SCV x2, Terran Vehicle And Ship Armor Level 1  
  101  9:51  SCV  
  101  9:52  Drilling Claws  
  109  9:54  Marine x2  
  109  9:55  Marine  
  109  9:59  Marauder  
  114  10:01  Factory Reactor  
  114  10:02  SCV, Marauder  
  114  10:03  SCV x2  
  114  10:04  Marauder  
  119  10:08  Marine  
  119  10:12  Marine  
  121  10:14  Medivac  
  121  10:20  Marine x2  
  127  10:21  Marauder  
  127  10:22  Widow Mine  
  127  10:25  SCV  
  127  10:26  SCV x2  
  129  10:38  SCV x3  
  129  10:40  Missile Turret  
  129  10:41  Marine x2, Marauder  
  136  10:48  Sensor Tower  
  136  10:52  Missile Turret  
  136  10:55  Marine x2  
  136  10:56  Marine  
  139  10:58  Marine  
  139  10:59  Marine x2  
  122  11:12  Marine  
  122  11:13  Marine x2  
  122  11:14  Marauder  
  122  11:17  Marine x2, Marauder  
  131  11:20  Widow Mine x2  
  135  11:30  Marine  
  135  11:31  Marine  
Show
View Real Time Build Order
Export as new Build Order

BOOOOOOOOOoM Zerg 

Build Orders: Hatch First, Muta Ling Bane 

Get SALT Encoding   

  12  0:00  Drone  
  13  0:12  Overlord  
  13  0:19  Drone  
  14  0:31  Drone  
  14  0:32  Drone  
  16  0:51  Hatchery  
  16  0:52  Drone  
  16  0:56  Drone  
  17  1:11  Spawning Pool  
  17  1:15  Drone  
  17  1:19  Drone  
  17  1:21  Drone  
  17  1:23  Extractor  
  18  1:30  Drone  
  19  1:39  Drone  
  20  1:50  Overlord  
  20  1:58  Queen  
  22  2:03  Zergling x2  
  22  2:04  Zergling x2, Queen  
  26  2:11  Drone  
  26  2:14  Drone  
  28  2:24  Drone x2  
  28  2:27  Metabolic Boost  
  30  2:33  Overlord  
  30  2:38  Spore Crawler  
  30  2:41  Drone  
  31  2:56  Drone x3  
  34  3:01  Hatchery  
  34  3:02  Drone  
  34  3:11  Drone x2  
  36  3:16  Drone  
  37  3:21  Drone x4  
  37  3:22  Queen  
  43  3:30  Drone  
  43  3:31  Overlord  
  44  3:41  Overlord  
  44  3:45  Evolution Chamber  
  43  3:49  Baneling Nest  
  43  3:51  Overlord  
  43  3:52  Zergling x2  
  43  3:53  Zergling x6  
  46  4:06  Drone, Overlord  
  46  4:08  Drone  
  49  4:17  Drone x2  
  49  4:28  Zerg Ground Armor Level 1  
  49  4:30  Drone x6  
  55  4:35  Drone x5  
  55  4:36  Spore Crawler  
  59  4:47  Overlord x2  
  59  4:48  Drone  
  56  5:01  Overlord x2  
  56  5:03  Drone  
  56  5:04  Drone x2  
  59  5:11  Overlord x2  
  59  5:12  Queen  
  61  5:14  Lair  
  61  5:22  Zergling x14  
  68  5:35  Drone x3  
  70  5:38  Extractor  
  70  5:39  Extractor  
  67  5:51  Drone x3  
  67  5:52  Drone x4  
  69  5:58  Drone  
  69  6:02  Evolution Chamber  
  69  6:05  Drone  
  69  6:06  Drone x2  
  70  6:22  Hatchery  
  70  6:23  Zergling x4, Zerg Melee Weapons Level 1  
  70  6:24  Zergling x6, Centrifical Hooks  
  74  6:31  Hatchery  
  73  6:37  Spire  
  72  6:42  Zergling x22  
  80  6:55  Zergling x6  
  80  6:58  Overlord x2  
  77  7:10  Zerg Ground Armor Level 2  
  77  7:12  Zergling x18  
  77  7:14  Extractor  
  85  7:22  Overlord x2  
  85  7:23  Drone  
  85  7:26  Drone, Hatchery  
  86  7:34  Drone x4  
  90  7:40  Drone x3  
  90  7:43  Drone  
  94  7:45  Drone  
  94  7:48  Extractor  
  94  7:56  Mutalisk x4  
  102  8:00  Zergling x2, Baneling  
  102  8:01  Baneling x2, Extractor  
  102  8:02  Baneling  
  102  8:05  Zergling x14  
  103  8:06  Zergling x4  
  111  8:13  Mutalisk  
  111  8:15  Zergling x12  
  118  8:28  Zergling x12  
  118  8:29  Zergling x4  
  118  8:30  Baneling x10  
  105  8:51  Drone x12  
  117  8:59  Baneling  
  117  9:00  Zergling x2, Baneling x15  
  117  9:01  Zergling x6  
  113  9:10  Zergling x2  
  113  9:11  Zergling x10  
  102  9:19  Zergling x12  
  91  9:30  Drone x2  
  91  9:31  Drone x3  
  91  9:33  Zergling x12  
  99  9:39  Zerg Melee Weapons Level 2  
  99  9:43  Mutalisk  
  99  9:44  Mutalisk x3  
  107  9:48  Queen x2  
  107  9:50  Baneling x5  
  111  9:57  Hatchery  
  110  10:04  Drone x2, Extractor  
  110  10:05  Drone x3, Extractor  
  110  10:06  Drone  
  110  10:07  Mutalisk x2  
  116  10:16  Zergling x10  
  116  10:17  Zergling x10  
  116  10:18  Spore Crawler  
  125  10:27  Overlord x2  
  125  10:28  Overlord x2  
  125  10:29  Overlord  
  125  10:42  Infestation Pit  
  124  10:44  Zergling x4  
  124  10:45  Overlord x2  
  126  10:57  Mutalisk x8  
  112  11:12  Zergling x12  
  112  11:13  Zergling x20  
  112  11:18  Baneling x7  
  125  11:19  Baneling  
  125  11:20  Baneling x3  
  119  11:27  Zergling x12  
Tags
 
Add a new tag
Caveats
  • Supply blocks, unpowered buildings, or Contaminate may cause inaccurate times.
  • Supply counts are checked every 10 seconds.